Map: Ulrena

Players

Elazer

  • Race: Zerg Zerg
  • League: Grandmaster

HeroMarine - Winner!

  • Race: Terran Terran
  • League: Grandmaster

Event: Homestory Cup XII

VOD

Have the link to the VOD?

Description

Time

  • Played on: Dec. 18, 2015, 2:14 p.m.
  • Length: 13:12

All games in this series

Show
View Real Time Build Order
Export as new Build Order

Elazer Zerg 

Build Orders: Hatch First 

Get SALT Encoding   

  12  0:00  Drone  
  13  0:12  Overlord  
  13  0:17  Drone  
  14  0:31  Drone x2  
  14  0:34  Drone  
  17  0:52  Hatchery  
  17  0:55  Drone  
  17  0:58  Drone  
  18  1:08  Extractor  
  17  1:13  Spawning Pool  
  17  1:15  Drone  
  17  1:19  Drone  
  18  1:28  Drone  
  19  1:39  Overlord  
  19  2:00  Zergling x2, Queen  
  19  2:01  Zergling x2  
  23  2:03  Queen  
  23  2:06  Zergling x2  
  26  2:12  Drone  
  26  2:15  Drone  
  28  2:25  Roach Warren, Drone  
  28  2:27  Drone  
  29  2:34  Drone  
  29  2:36  Drone  
  31  2:44  Drone  
  31  2:47  Drone  
  32  3:00  Overlord x2  
  32  3:13  Roach  
  32  3:19  Roach x7  
  46  3:27  Roach  
  46  3:29  Overlord  
  48  3:37  Drone  
  48  3:38  Drone  
  48  3:40  Ravager  
  51  3:46  Drone  
  52  3:49  Drone  
  52  3:50  Drone x4  
  52  3:53  Ravager  
  59  3:55  Drone  
  59  4:01  Drone  
  60  4:04  Overlord  
  60  4:21  Drone  
  60  4:22  Drone  
  60  4:24  Drone x2  
  62  4:25  Drone  
  62  4:28  Drone x2  
  62  4:30  Drone  
  63  4:36  Drone x2  
  65  4:38  Hatchery  
  65  4:39  Extractor, Queen x2  
  65  4:41  Extractor  
  53  4:53  Roach x2  
  53  4:54  Spore Crawler  
  53  4:55  Spore Crawler  
  53  5:06  Roach x2  
  53  5:07  Roach  
  59  5:14  Drone, Ravager  
  60  5:20  Drone x4  
  60  5:21  Drone  
  65  5:24  Overlord  
  65  5:25  Drone  
  66  5:31  Queen  
  68  5:37  Overlord x2  
  52  5:57  Roach x7  
  52  5:59  Queen x2  
  52  6:01  Roach x3  
  76  6:13  Lair, Drone x2  
  76  6:14  Drone x2  
  76  6:17  Drone  
  81  6:21  Overlord  
  81  6:22  Ravager x2  
  81  6:24  Ravager  
  81  6:25  Drone x2  
  85  6:28  Extractor  
  85  6:30  Extractor  
  84  6:34  Overlord x2  
  84  6:38  Evolution Chamber  
  83  6:40  Drone x4  
  83  6:41  Evolution Chamber  
  83  6:43  Drone  
  83  6:45  Drone  
  88  6:49  Drone  
  88  6:53  Drone  
  90  6:56  Drone  
  91  7:02  Drone  
  91  7:03  Zerg Missile Weapons Level 1  
  91  7:06  Zerg Ground Armor Level 1  
  91  7:08  Overlord x2  
  92  7:10  Roach x6  
  92  7:12  Glial Reconstitution  
  92  7:15  Roach  
  106  7:19  Overlord x2  
  106  7:21  Overlord  
  106  7:27  Drone x3  
  109  7:31  Drone  
  109  7:32  Drone  
  111  7:38  Extractor  
  111  7:40  Drone x3  
  111  7:42  Drone  
  111  7:43  Drone  
  115  7:45  Hatchery, Ravager x3  
  115  7:46  Ravager x2  
  119  7:51  Overlord x2  
  119  7:54  Overlord  
  119  7:57  Roach x2  
  123  8:06  Roach x5  
  123  8:12  Roach x3  
  139  8:18  Overlord  
  139  8:21  Roach x3  
  139  8:23  Ravager x2  
  139  8:24  Ravager  
  148  8:30  Roach  
  148  8:31  Roach x3  
  156  8:39  Infestation Pit  
  156  8:40  Overlord  
  155  8:44  Roach x3  
  155  8:45  Roach  
  155  8:47  Overlord x2  
  163  8:52  Overlord x2  
  163  8:59  Roach x4  
  163  9:02  Zerg Missile Weapons Level 2  
  173  9:10  Roach x4  
  173  9:11  Ravager  
  173  9:12  Ravager  
  175  9:24  Roach x8  
  167  9:35  Roach x6  
  158  9:43  Roach  
  158  9:44  Roach x4  
  168  9:49  Roach  
  168  9:50  Roach x3  
  176  9:54  Roach x3  
  169  10:08  Roach  
  169  10:09  Roach x7  
  174  10:15  Roach x4  
  174  10:19  Ravager x2  
  184  10:23  Overlord  
  184  10:25  Drone x3  
  184  10:27  Extractor x2  
  185  10:28  Ravager  
  185  10:29  Ravager  
  185  10:30  Ravager  
  185  10:31  Drone x3  
  185  10:33  Drone x3  
  190  10:45  Infestor  
  190  10:48  Infestor  
  194  10:56  Drone  
  195  10:59  Spore Crawler  
  195  11:00  Hive  
  195  11:01  Hatchery  
  193  11:05  Infestor  
  193  11:08  Overlord x2  
  193  11:11  Ravager  
  196  11:16  Infestor  
  198  11:31  Burrow  
  198  11:43  Overlord  
  198  11:48  Spore Crawler  
  193  12:05  Ravager x2  
  193  12:06  Ravager  
  194  12:13  Ultralisk Cavern  
  191  12:32  Roach x7  
  191  12:42  Ravager  
Show
View Real Time Build Order
Export as new Build Order

HeroMarine Terran - Winner!

Build Orders: Liberator Opening, Reaper Expand 

Get SALT Encoding   

  12  0:00  SCV  
  13  0:12  SCV  
  14  0:17  Supply Depot  
  14  0:25  SCV  
  15  0:39  SCV  
  15  0:41  Barracks  
  16  0:44  Refinery  
  16  0:51  SCV  
  17  1:03  SCV  
  18  1:15  SCV  
  19  1:28  Reaper, Orbital Command  
  20  1:41  Command Center  
  20  1:49  Supply Depot  
  20  1:53  SCV  
  21  2:00  Marine  
  21  2:01  Refinery  
  22  2:06  SCV  
  23  2:13  Factory  
  23  2:18  SCV  
  24  2:24  Barracks Reactor  
  24  2:30  SCV  
  25  2:42  SCV  
  26  2:55  SCV  
  27  2:59  Orbital Command  
  27  3:04  Starport  
  26  3:07  SCV, Hellion x2  
  26  3:10  Barracks Tech Lab  
  31  3:19  SCV  
  32  3:26  SCV, Liberator  
  33  3:28  Supply Depot  
  33  3:31  SCV  
  34  3:37  Marine x2  
  34  3:38  SCV  
  37  3:41  Siege Tank  
  37  3:43  SCV  
  43  3:52  Bunker  
  43  3:53  SCV  
  44  3:57  SCV  
  44  3:58  Marine x2  
  46  4:13  Supply Depot x2, Siege Tank  
  46  4:14  Liberator  
  46  4:16  Marine  
  49  4:19  Marine  
  49  4:21  SCV x2  
  45  4:34  Marine  
  45  4:37  Marine  
  48  4:38  SCV x2  
  47  4:50  SCV  
  47  4:51  Marine  
  48  4:58  Siege Tank  
  48  4:59  SCV  
  52  5:00  Marine  
  52  5:02  SCV  
  54  5:07  Liberator  
  54  5:09  Supply Depot, Marine  
  54  5:11  SCV  
  56  5:15  SCV  
  56  5:18  Marine  
  58  5:27  Marine  
  59  5:28  SCV  
  59  5:29  SCV  
  61  5:36  Marine  
  61  5:41  SCV x2  
  64  5:45  Marine  
  64  5:46  Command Center  
  60  5:53  SCV x2, Marine  
  59  6:00  Siege Tank  
  59  6:02  Barracks x2  
  59  6:03  Marine  
  60  6:05  SCV x2  
  60  6:09  Engineering Bay  
  60  6:11  Engineering Bay, Marine  
  62  6:17  SCV  
  62  6:18  SCV  
  65  6:19  Refinery  
  65  6:21  Refinery  
  65  6:22  Marine  
  65  6:24  Starport Reactor  
  66  6:29  Marine  
  67  6:34  SCV, Barracks  
  67  6:35  SCV, Barracks  
  69  6:46  Terran Infantry Weapons Level 1  
  69  6:47  SCV x2, Terran Infantry Armor Level 1  
  70  6:49  Barracks Tech Lab  
  70  6:50  Barracks Tech Lab, Marine x2  
  70  6:54  Siege Tank  
  76  6:59  SCV x2  
  76  7:01  Orbital Command  
  78  7:08  Stimpack, Marine x2  
  78  7:11  SCV x2, Marine  
  78  7:14  Marine  
  78  7:15  Starport Reactor  
  84  7:16  Combat Shields  
  84  7:20  Supply Depot  
  84  7:23  Supply Depot  
  84  7:25  Barracks Reactor  
  84  7:29  SCV  
  86  7:30  SCV  
  86  7:32  Orbital Command  
  86  7:35  Marauder, Marine  
  86  7:36  Marauder  
  91  7:41  SCV  
  91  7:42  SCV  
  93  7:53  Armory  
  93  7:54  Supply Depot, SCV  
  93  7:55  Supply Depot  
  96  8:00  Medivac  
  96  8:05  Medivac  
  100  8:06  SCV, Marauder  
  100  8:08  Marauder  
  100  8:12  Bunker  
  102  8:15  SCV x2, Supply Depot x2  
  102  8:17  Marine  
  102  8:19  SCV  
  106  8:21  Marine  
  106  8:25  Siege Tank, Marine  
  106  8:26  Marine x3  
  114  8:27  Marine  
  114  8:31  SCV x3  
  117  8:34  Refinery  
  117  8:36  Medivac  
  117  8:37  Medivac  
  123  8:41  Marauder  
  123  8:43  SCV  
  124  8:49  Supply Depot, Terran Infantry Weapons Level 2  
  124  8:51  Marine x3  
  127  8:59  Barracks x2, Marine x4  
  127  9:02  Terran Infantry Armor Level 2, Marine  
  132  9:09  Marine x2  
  134  9:10  Marine  
  134  9:16  Marine  
  134  9:17  Marauder, Marine  
  136  9:20  Marauder  
  136  9:22  Siege Tank  
  127  9:34  Marine x2  
  127  9:35  Marine x2  
  127  9:36  Marine x2  
  127  9:38  Medivac x2  
  120  9:39  Marauder  
  120  9:41  Marine  
  120  9:43  Command Center  
  123  9:51  Marine  
  123  9:52  Marine  
  125  9:53  Barracks Tech Lab x2, Marine  
  125  9:54  Sensor Tower  
  125  9:55  Supply Depot, Refinery  
  125  9:56  Terran Vehicle And Ship Armor Level 1  
  125  9:57  Marine  
  125  9:59  Marauder  
  128  10:00  Marauder  
  128  10:04  Marine  
  128  10:12  Marine x2  
  123  10:17  Marine  
  123  10:18  Marauder, Siege Tank, Marine x2  
  123  10:19  Medivac  
  123  10:21  Medivac, Marauder  
  132  10:22  Supply Depot  
  132  10:23  Marine x2  
  132  10:24  Marine  
  137  10:35  Marine x3  
  138  10:39  Marauder  
  138  10:42  Marauder x2  
  146  10:46  Marine x2  
  148  10:50  Marine  
  148  10:52  Medivac x2  
  148  10:53  Marine  
  148  10:56  Concussive Shells  
  154  11:00  Barracks, Marine x2  
  154  11:01  Marauder  
  154  11:02  Marine  
  154  11:03  Barracks Tech Lab  
  154  11:04  Siege Tank, Marauder  
  164  11:16  Liberator  
  168  11:25  Marauder x2  
  168  11:27  Supply Depot  
  168  11:28  Marauder, Marine x2  
  168  11:29  Supply Depot  
  168  11:30  Marine x4  
  179  11:49  Marauder  
  179  11:53  Planetary Fortress  
  180  12:09  Marauder  
  180  12:14  Marauder x3  
  185  12:15  SCV x2  
  185  12:16  SCV, Marine x2  
  185  12:17  Barracks Tech Lab  
  189  12:26  Marine x2  
  189  12:27  SCV  
  192  12:31  Marauder  
  192  12:33  Marine  
  195  12:47  Marauder  
  195  12:48  Marauder x2, Marine  
  195  12:50  Marine  
Tags
 
Add a new tag
Caveats
  • Supply blocks, unpowered buildings, or Contaminate may cause inaccurate times.
  • Supply counts are checked every 10 seconds.